 Dungeon Crawl Stone Soup version 0.23-a0-805-gc1268f8 (webtiles) character file.

13 Lanoc the Ducker (level 2, -8/14 HPs)
             Began as a Felid Monk on Jan 19, 2019.
             Mangled by a worm (9 damage)
             ... on level 2 of the Dungeon.
             The game lasted 00:01:12 (1120 turns).

Lanoc the Ducker (Felid Monk)                       Turns: 1120, Time: 00:01:13

Health: -8/14      AC:  1    Str:  7    XL:     2   Next: 24%
Magic:  3/3        EV: 20    Int: 11    God:
Gold:   45         SH:  0    Dex: 18    Spells: 1/1 levels left
                                        Lives:  0   Deaths: 0

rFire    . . .     SeeInvis +     - Unarmed
rCold    . . .     Gourm    .   (shield unavailable)
rNeg     . . .     Faith    .   (armour unavailable)
rPois    .         Spirit   .   (helmet unavailable)
rElec    .         Reflect  .   (cloak unavailable)
rCorr    .         Harm     .   (gloves unavailable)
MR       .....                  (boots unavailable)
Stlth    +++.......             (no amulet)
HPRegen  0.04/turn              (no ring)
MPRegen  0.08/turn              (no ring)

@: quick
A: very small, no armour, no weapons or thrown items, stealth, claws 1, fangs 3,
see invisible, carnivore, speed 1, shaggy fur 1, slow metabolism 1, sharp paws
a: no special abilities


You were on level 2 of the Dungeon.
You were not hungry.

You visited 1 branch of the dungeon, and saw 2 of its levels.

You collected 45 gold pieces.

Inventory:

Scrolls
 b - 5 scrolls of teleportation {unknown}
 e - a scroll of enchant weapon {unknown}
 f - a scroll of magic mapping {unknown}
 g - 2 scrolls of identify {unknown}
 i - a scroll of noise {unknown}
 j - a scroll of fog {unknown}
Potions
 c - a potion of mutation {unknown}
 d - a potion of flight {unknown}
 h - 2 potions of curing {unknown}
Comestibles
 a - 2 rations


   Skills:
 + Level 3.1 Fighting
 + Level 4.2 Dodging
 * Level 3.2 Stealth
 * Level 3.2 Unarmed Combat


You had one spell level left.
You didn't know any spells.
Your spell library was empty.

Dungeon Overview and Level Annotations

Branches:
Dungeon (2/15)

Altars:


Innate Abilities, Weirdness & Mutations

You cannot wear armour.
You are incapable of wielding weapons or throwing items.
Your paws allow you to move quietly. (Stealth)
You have sharp claws.
You have razor-sharp teeth.
You have supernaturally acute eyesight. (SInv)
You are carnivorous and can eat meat at any time.
You cover ground quickly.
You are covered in fur. (AC +1)
You have a slow metabolism.
Your sharp claws are effective at attacking unaware monsters.


Message History

You kill the hobgoblin!
No target in view!
The worm is too close now for your liking.
You scratch the worm.
The worm is moderately wounded.
You scratch the worm but do no damage. You bite the worm.
The worm is heavily wounded.
The worm misses you.
You scratch the worm.
The worm is heavily wounded.
You barely miss the worm.
The worm is heavily wounded.
The worm bites you!
Ouch! That really hurt!
* * * LOW HITPOINT WARNING * * *
You scratch the worm but do no damage.
The worm is heavily wounded.
The worm bites you!
Ouch! That really hurt!
You die...

#...#...#...# #......
###.......#...# #.#####
#.....#......## #.#
##..)#####....# #.#####
.......#....### #.##[..
...#........# ##.##.##
.......#....# ##...#.#
#.###.#.....# #......#
......w@...## ##...#.#
...#.......# ##.##.#
............... ......#
.#.......#.#######.####
...........# #+#
....#.###### #####. #.


You could see a worm.

Vanquished Creatures
  A dart slug (D:1)
  A giant cockroach (D:2)
  A hobgoblin (D:2)
  2 kobolds (D:1)
  A quokka (D:2)
  A bat (D:2)
  A frilled lizard (D:1)
  4 rats
12 creatures vanquished.

Notes
Turn   | Place    | Note
-------+----------+-------------------------------------------
     0 | D:1      | Lanoc the Felid Monk began the quest for the Orb.
     0 | D:1      | Reached XP level 1. HP: 10/10 MP: 2/2
   993 | D:2      | Reached XP level 2. HP: 14/14 MP: 3/3
  1120 | D:2      | Mangled by a worm

Vault maps used:
D:1:      lemuel_arrival_cross
D:2:      solitary_fountain, hangedman_decor_lopped

Skill      XL: |  1 |
---------------+----+-----
Stealth        | 3 |  3.2
Fighting       | |  3.1
Dodging        | |  4.2
Unarmed Combat | |  3.2

Action                   || total
-------------------------++-------
Melee: Unarmed           ||    34
       Bite              ||     4
 Stab: Sleeping          ||     4
  Eat: Chunk             ||     2
Dodge: Dodged            ||    23

Table legend:
 A = Non-vault XP
 B = Vault XP
 C = Vault XP percentage of total XP
 D = Non-vault monster count
 E = Vault monster count
 F = Vault count percentage of total count
                 A         B        C        D         E       F
            +---------+---------+-------+---------+---------+-------
      Total |      19 |       0 |   0.0 |      12 |       0 |   0.0
            +---------+---------+-------+---------+---------+-------
        D:1 |       9 |       0 |   0.0 |       5 |       0 |   0.0
        D:2 |      10 |       0 |   0.0 |       7 |       0 |   0.0
            +---------+---------+-------+---------+---------+-------
